 Dungeon Sprint DCSS version 0.19-a0-1568-gdd01aac (webtiles) character file.

32 Kidiri the Firebug (level 3, -2/26 HPs)
             Began as a Hill Orc Fire Elementalist on Sept 15, 2016.
             Slain by a water elemental (20 damage)
             ... in the Dungeon (Sprint III: "The Ten Rune Challenge").
             The game lasted 00:02:18 (656 turns).

Kidiri the Firebug (Hill Orc Fire Elementalist)      Turns: 656, Time: 00:02:19

Health: -2/26      AC:  3    Str: 10    XL:     3   Next: 27%
Magic:  6/8        EV: 12    Int: 16    God:
Gold:   19         SH:  0    Dex: 11    Spells: 4 memorised, 0 levels left

rFire  . . .     SeeInvis .     (no weapon)
rCold  . . .     Gourm    .     a - +0 robe
rNeg   . . .     Faith    .     (no shield)
rPois  .         Spirit   .     (no helmet)
rElec  .         Dismiss  .     (no cloak)
rCorr  .         Reflect  .     (no gloves)
MR     .....     Harm     .     (no boots)
Stlth  ++........ NoTele   +    (no amulet)
                                (no ring)
                                (no ring)

@: no status effects
A: molten scales 1, deformed body, wild magic 1, MP-powered wands
a: no special abilities


You were in the Dungeon.
You were not hungry.

You visited 1 branch You collected 19 gold pieces.

Inventory:

Armour
 a - a +0 robe (worn)
Scrolls
 i - a scroll of blinking
 j - a scroll of torment {unknown}
 l - a scroll of remove curse {unknown}
 p - a scroll of holy word {unknown}
 q - a scroll of random uselessness {unknown}
Potions
 e - a potion of heal wounds
 f - a potion of haste
 g - a potion of magic
 h - a potion of berserk rage
 n - 2 potions of lignification {unknown}
 o - 2 potions of flight {unknown}
 r - a potion of cure mutation
Books
 b - a book of Flames

   Spells                             Type                      Level
   a - Flame Tongue                   Conjuration/Fire             1
   b - Throw Flame                    Conjuration/Fire             2
   c - Conjure Flame                  Conjuration/Fire             3
   d - Inner Flame                    Hexes/Fire                   3
   e - Sticky Flame                   Conjuration/Fire             4
   f - Fireball                       Conjuration/Fire             5
Comestibles
 c - a bread ration
 m - 2 meat rations


   Skills:
 - Level 1.5 Dodging
 - Level 1.5 Stealth
 * Level 3.6 Spellcasting
 + Level 3.2 Conjurations
 + Level 4.5 Fire Magic


You couldn't memorise any spells.
You knew the following spells:

 Your Spells              Type           Power        Failure   Level  Hunger
a - Flame Tongue          Conj/Fire      ###..        8%          1    None
b - Throw Flame           Conj/Fire      ###...       12%         2    ##.....
c - Conjure Flame         Conj/Fire      ###.....     17%         3    ###....
d - Inner Flame           Hex/Fire       ##......     28%         3    ###....


Dungeon Overview and Level Annotations

Branches:
Dungeon (1/1)

Altars:


Innate Abilities, Weirdness & Mutations

You are partially covered in molten scales. (AC +2)
Armour fits poorly on your strangely shaped body.
Your spells are a little harder to cast, but a little more powerful.
You expend magic power (3 MP) to strengthen your wands.


Message History

The water elemental is engulfed in a cloud of scalding steam.
Casting: Flame Tongue
Confirm with . or Enter, or press ? or * to list all spells.
Aiming: Flame Tongue
Press: ? - help, Shift-Dir - straight line, f/p - water elemental
Aim: a water elemental (moderately damaged)
The flame tongue hits the water elemental.
The water elemental is burned terribly!
The water elemental is almost destroyed.
The water elemental hits you!
The water elemental engulfs you in water!
You cannot cast spells while unable to breathe!
Sorry, you're not good enough to have a special ability.
Unknown command.
Unknown command.
With effort, you pull free of the water engulfing you.
You gasp with relief as air once again reaches your lungs.
The water elemental hits you!!
Ouch! That really hurt!
You die...

▓<..#(..#### ##.#
▓...#......#####..#
▓..##.......#..#..#
▓##.##.##...#..#..###+#+##
##.##.###..##+#..#.......
▓#.####.##..###...'.⌠.....
▓.###..##..####...#...####
▓#.....##..###..E.#.§.#
###..##...##..@..#...#
##..##....#......#+###
#..###..##.#.....# #(.#
#..#####....# ▓▓▓▓ ▓▓▓▓
▓▓▓▓▓▓


You could see a water elemental.

Vanquished Creatures
  A human (D)
  2 oozes (D)
  A phantom (D)
  2 rats (D)
6 creatures vanquished.

Vanquished Creatures (others)
  2 draconian scorchers (D)
  6 hellions (D)
  2 yaktaurs (D)
  3 plants (D)
13 creatures vanquished.

Grand Total: 19 creatures vanquished

Notes
Turn   | Place    | Note
-------+----------+-------------------------------------------
     0 | D        | Kidiri the Hill Orc Fire Elementalist began the quest for the Orb.
     0 | D        | Reached XP level 1. HP: 14/14 MP: 3/3
    67 | D        | Reached XP level 2. HP: 20/20 MP: 1/5
    71 | D        | Learned a level 2 spell: Throw Flame
    85 | D        | Killed a hellion
   113 | D        | Killed a hellion
   133 | D        | Killed a white draconian scorcher
   135 | D        | Killed a yaktaur
   153 | D        | Killed a hellion
   153 | D        | Killed a hellion
   154 | D        | Killed a hellion
   217 | D        | Killed a white draconian scorcher
   225 | D        | Reached skill level 4 in Fire Magic
   225 | D        | Reached XP level 3. HP: 9/26 MP: 0/8
   230 | D        | Learned a level 3 spell: Conjure Flame
   234 | D        | Learned a level 3 spell: Inner Flame
   286 | D        | Killed a hellion
   518 | D        | Killed a yaktaur
   593 | D        | Gained mutation: You are weak. (Str -2) [potion of mutation]
   593 | D        | Lost mutation: You are weak. (Str -2) [potion of mutation]
   593 | D        | Gained mutation: You are partially covered in molten scales. (AC +2) [potion of mutation]
   594 | D        | Gained mutation: You expend magic power (3 MP) to strengthen your wands. [potion of mutation]
   594 | D        | Gained mutation: Your spells are a little harder to cast, but a little more powerful. [potion of mutation]
   594 | D        | Gained mutation: Armour fits poorly on your strangely shaped body. [potion of mutation]
   651 | D        | Noticed a water elemental
   656 | D        | Slain by a water elemental

Vault maps used:
D:        dungeon_sprint_mu

Skill      XL: |  1  2 |
---------------+-------+-----
Spellcasting   | 2 3 |  3.6
Conjurations   | 2 3 |  3.2
Fire Magic     | 4 |  4.5
Dodging        | |  1.5
Stealth        | |  1.5

Action                   || total
-------------------------++-------
 Cast: Flame Tongue      ||    26
       Conjure Flame     ||     1
  Use: Potion            ||     4
       Scroll            ||     2
Armor: Robe              ||     2
Dodge: Dodged            ||     7
